 Dungeon Crawl Stone Soup version 0.31-a0-4-gefa6de2278 (webtiles) character file.

Game seed: 13288568749950089895

76199 qeuew the Tortoise (level 15, 0/119 (132) HPs)
             Began as a Minotaur Fighter on May 4, 2023.
             Was a High Priest of Ru.
             Slain by a merfolk impaler
             ... wielding a +1 heavy trident
              (2 damage)
             ... while petrified by a catoblepas
             ... on level 2 of the Shoals.
             The game lasted 00:34:49 (16605 turns).

qeuew the Tortoise (Minotaur Fighter)              Turns: 16605, Time: 00:34:50

HP:   0/119 (132)   AC: 25    Str: 23    XL:     15   Next: 11%
MP:   14/14         EV:  2    Int:  2    God:    Ru [*****.]
Gold: 1378          SH:  0    Dex: 29    Spells: 14/14 levels left

rFire   . . .        e - +16 consecrated labrys {holy, Valiant Fragile Fly SInv}
rCold   . . .        c - +0 buckler
rNeg    + + +        d - +1 plate armour "Bouhoa" {rC- rCorr Dex+8 Stlth+}
rPois   ∞            q - +2 hat {Stlth+}
rElec   +            (no cloak)
rCorr   +            o - +1 pair of gloves
SInv    +            (no boots)
Will    +++..        h - necklace of Bloodlust {Fury *Rage Will++ Int-3 Slay+6} Stlth
                     i - +6 ring of dexterity
HPRegen 0.39/turn    w - ring of protection from cold
MPRegen 0.14/turn

%: random rage (50%)
@: petrified, flying, studying 2 skills, drained
A: horns 2, dopey 1, no stealth, hated by all, no conjurations magic, no fire
magic, no transmutations magic, unskilled 1, retaliatory headbutt, iridescent
scales 1, thin skeletal structure 1, sense surroundings 1, electricity
resistance
a: Renounce Religion, Draw Out Power, Power Leap, Apocalypse


You were on level 2 of the Shoals.
You worshipped Ru.
Ru was extremely pleased with you.
You visited 5 branches of the dungeon, and saw 20 of its levels.
You also visited: Ossuary and Ice Cave.

You collected 2357 gold pieces.
You spent 979 gold pieces at shops.

Inventory:

Hand Weapons
 a - a +1 war axe of protection
 e - the +16 consecrated labrys (weapon) {holy, Valiant Fragile Fly SInv}
   (You found it on level 3 of the Lair of Beasts)

   Valiant:   It becomes more powerful as more dangerous foes come into view.
   SInv:      It lets you see invisible.
   Fly:       It grants you flight.
   Fragile:   It will be destroyed if unequipped.
Missiles
 p - 16 throwing nets
Armour
 c - a +0 buckler (worn)
 d - the +1 plate armour "Bouhoa" (worn) {rC- rCorr Dex+8 Stlth+}
   (You found it on level 4 of the Dungeon)

   Dex:       It affects your dexterity (+8).
   rC:        It makes you vulnerable to cold.
   rCorr:     It protects you from acid and corrosion.
   Stlth:     It makes you more stealthy.
 o - a +1 pair of gloves (worn)
 q - a +2 hat of stealth (worn)
 I - a +2 plate armour of cold resistance
Jewellery
 h - the necklace of Bloodlust (around neck) {Fury *Rage Will++ Int-3 Slay+6}
   (You bought it in a shop on level 2 of the Orcish Mines)

   [amulet of nothing]

   Fury:      It extends the wearer's berserk rage when killing foes.
   Int:       It affects your intelligence (-3).
   Slay:      It affects your accuracy & damage with ranged weapons and melee
   (+6).
   *Rage:     It berserks you when you make melee attacks (+50% chance).
   Will:      It greatly increases your willpower.
 i - a +6 ring of dexterity (left hand)
 w - a ring of protection from cold (right hand)
 G - a ring of poison resistance
Wands
 g - a wand of flame (31)
 r - a wand of iceblast (21) (quivered)
 u - a wand of paralysis (21)
 E - a wand of polymorph (12)
Scrolls
 k - 4 scrolls of fog
 l - 11 scrolls of teleportation
 m - 7 scrolls of fear
 s - 3 scrolls of amnesia
 t - 3 scrolls of enchant armour
 x - 3 scrolls of identify
 y - a scroll of magic mapping
 C - 2 scrolls of blinking
 D - 4 scrolls of enchant weapon
 K - a scroll of silence
Potions
 b - 4 potions of flight
 f - 3 potions of magic
 j - 12 potions of curing
 n - 4 potions of might
 z - 2 potions of brilliance
 A - 3 potions of haste
 B - a potion of cancellation
 F - 4 potions of resistance
 H - 4 potions of heal wounds
Miscellaneous
 J - a phantom mirror


   Skills:
 + Level 12.0 Fighting
 + Level 11.7 Axes
 * Level 16.2 Armour
 + Level 10.6 Dodging
 + Level 12.1 Shields
 + Level 8.5 Evocations


You had 14 spell levels left.
You didn't know any spells.
Your spell library contained the following spells:

 Spells                   Type           Power      Damage    Failure   Level
 Apportation              Tloc           0%         N/A       99%         1
 Necrotise                Necr           0%         1d4       99%         1
 Sandblast                Erth           0%         2d4       99%         1
 Cigotuvi's Dreadful Rot  Necr/Pois/Air  0%         N/A       100%        2
 Ensorcelled Hibernation  Hex/Ice        0%         N/A       100%        2
 Portal Projectile        Hex/Tloc       0%         N/A       100%        3
 Swiftness                Air            0%         N/A       100%        3
 Leda's Liquefaction      Hex/Erth       0%         N/A       100%        4
 Magic Dart               Conj           Unusable   1d3       N/A         1
 Summon Small Mammal      Summ           Unusable   N/A       N/A         1
 Call Imp                 Summ           Unusable   N/A       N/A         2
 Passwall                 Tmut/Erth      Unusable   N/A       N/A         2
 Searing Ray              Conj           Unusable   2d4       N/A         2
 Call Canine Familiar     Summ           Unusable   N/A       N/A         3
 Dazzling Flash           Conj/Hex       Unusable   N/A       N/A         3
 Ignite Poison            Fire/Tmut/Pois Unusable   N/A       N/A         3
 Mephitic Cloud           Conj/Pois/Air  Unusable   N/A       N/A         3
 Stone Arrow              Conj/Erth      Unusable   3d7       N/A         3
 Volatile Blastmotes      Fire/Tloc      Unusable   2d10      N/A         3
 Fulminant Prism          Conj/Hex       Unusable   3d5       N/A         4
 Iskenderun's Mystic Bla  Conj/Tloc      Unusable   2d3       N/A         4
 Summon Ice Beast         Ice/Summ       Unusable   N/A       N/A         4
 Freezing Cloud           Conj/Ice/Air   Unusable   6-21      N/A         5
 Summon Mana Viper        Hex/Summ       Unusable   N/A       N/A         5
 Starburst                Conj/Fire      Unusable   6d3       N/A         6
 Monstrous Menagerie      Summ           Unusable   N/A       N/A         7

Dungeon Overview and Level Annotations

Branches:
Dungeon (10/15)            Temple (1/1) D:4            Lair (5/5) D:9
 Shoals (2/4) Lair:3       Spider (0/4) Lair:3        Slime (0/5) Lair:4
    Orc (2/2) D:9             Elf (0/3) Orc:2       Ossuary (visited)
  IceCv (visited)

Altars:
Cheibriados
Dithmenos
Elyvilon
Gozag
Kikubaaqudgha
Makhleb
Nemelex Xobeh
Okawaru
Qazlal
Ru
Sif Muna
Trog
Uskayaw
Vehumet
Wu Jian
Xom
Zin
The Shining One

Shops:
D:6 =(   Orc:2 [*=((

Annotations:
Shoals:2 Polyphemus


Innate Abilities, Weirdness & Mutations

You have a pair of horns on your head.
You are dopey. (Int -2)
You cannot be stealthy.
You are hated by all.
You cannot study or cast Conjurations magic.
You cannot study or cast Fire magic.
You cannot study or cast Transmutations magic.
You are somewhat unskilled. (-1 Apt)
You reflexively headbutt those who attack you in melee.
You are partially covered in iridescent scales. (AC +2)
You have a somewhat thin skeletal structure. (Dex +2, Stealth+)
You passively map a small area around you.
You are resistant to electric shocks. (rElec)


Message History

The catoblepas is stunned by your conviction and fails to attack.
Polyphemus hits you!!
* * * LOW HITPOINT WARNING * * *
Polyphemus hits you but does no damage.
You are engulfed in calcifying dust.
The merfolk impaler hits you from afar with a +1 heavy trident.
* * * LOW HITPOINT WARNING * * *
Polyphemus hits you!
* * * LOW HITPOINT WARNING * * *
Polyphemus hits you but does no damage.
You redirect the catoblepas's attack!
The catoblepas gores you but does no damage.
The merfolk impaler hits you from afar with a +1 heavy trident!
* * * LOW HITPOINT WARNING * * *
The manticore bites you but does no damage.
The manticore claws you but does no damage. x2
You are engulfed in calcifying dust.
The merfolk impaler hits you but does no damage.
The catoblepas breathes a plume of calcifying dust at you.
The blast of calcifying dust hits you but does no damage.
Polyphemus hits you!!
* * * LOW HITPOINT WARNING * * *
Polyphemus hits you but does no damage.
The manticore bites you but does no damage.
The manticore claws you but does no damage.
The manticore barely misses you.
You are engulfed in calcifying dust.
The merfolk impaler hits you from afar with a +1 heavy trident.
* * * LOW HITPOINT WARNING * * *
The catoblepas gores you but does no damage.
The manticore bites you.
* * * LOW HITPOINT WARNING * * *
The manticore claws you.
* * * LOW HITPOINT WARNING * * *
The manticore claws you but does no damage.
Polyphemus hits you!
* * * LOW HITPOINT WARNING * * *
Polyphemus hits you but does no damage.
The merfolk impaler hits you from afar with a +1 heavy trident.
You die...

, .....~~~.##.
≈P~P~~~....~~~~.)...
~ , P, ,~
~.P~~~......#..###.
.P,,
~~..~~..~....##., #.
~~. , ~~~~..~~~ ,
,... .... ..~~~..~~
, .... ~
.....###.~m~~~~~ ,
.~...
....P..C..~~~..~
.....
......§§@Ym~~.~~
..~..~~.H).~~~~~ ,
.~~~~~.....~~~~~ , ~
~~~~~~..~.~~~≈~~ ,
~~ ~~≈~~~.~~~~~≈≈≈~
~ ~
≈≈≈≈~~~~~.~~≈≈≈~~ ~
≈≈≈≈≈~~~~~~≈≈≈≈≈~
≈≈≈≈≈≈≈≈≈≈≈≈≈≈≈≈ ~


You could see Polyphemus, a merfolk impaler, a catoblepas, a merfolk (petrified)
and a manticore.

Vanquished Creatures
  Gastronok (Lair:1)
  Ilsuiw (Shoals:2)
  A frost giant (IceCv)
  3 orc warlords
  A dire elephant (Lair:5)
  Snorg (Lair:5)
  3 merfolk impalers
  7 hydras
  2 merfolk avatars
  Erica (D:8)
  3 death yaks (IceCv)
  A satyr (Shoals:1)
  A two-headed ogre (D:10)
  2 orc high priests (Orc:2)
  Sonja (Orc:2)
  Lodul (D:10)
  3 skysharks
  2 sea snakes
  A deep elf pyromancer (D:8)
  3 orc knights (Orc:2)
  An ugly thing (IceCv)
  7 fauns (Shoals:1)
  5 orc sorcerers
  5 manticores
  11 elephants
  An ice statue (IceCv)
  6 merfolk sirens
  4 black mambas
  A torpor snail (Lair:5)
  A gargoyle (D:10)
  11 cane toads
  3 rime drakes (Lair:5)
  Psyche (D:8)
  4 komodo dragons
  A tengu conjurer (D:8)
  11 merfolk
  2 trolls
  3 hornets
  14 polar bears
  20 blink frogs
  13 dream sheep
  2 snapping turtles
  Sigmund (D:3)
  25 yaks
  2 wraiths
  5 wyverns
  3 water elementals
  3 basilisks
  Grum (D:8)
  Menkaure (D:7)
  4 wargs
  A vampire mosquito (D:8)
  7 water moccasins
  2 black bears (D:7)
  An ice beast (D:5)
  16 ogres
  A sky beast (D:6)
  44 orc warriors
  22 wolves
  4 centaurs
  A phantom (D:7)
  5 gnoll sergeants
  11 bullfrogs
  4 scorpions
  10 killer bees (D:9)
  A howler monkey (D:6)
  2 electric eels
  13 orc priests
  2 jellies (D:7)
  9 hounds
  3 gnoll boudas
  3 iguanas
  A sleepcap (D:8)
  Terence (D:2)
  Ijyb (D:3)
  22 orc wizards
  3 hell rats (Lair:4)
  3 mummies (Ossuary)
  7 adders
  48 gnolls
  A shadow imp (D:7)
  2 white imps
  An ufetubus (D:4)
  5 worms
  5 dart slugs
  69 orcs
  9 endoplasms
  4 giant cockroaches
  A gnoll zombie (Ossuary)
  3 goblins
  12 hobgoblins
  13 jackals
  3 quokkas
  2 ball pythons
  3 bats
  6 frilled lizards
  3 goblin zombies (Ossuary)
  A hobgoblin zombie (Ossuary)
  6 kobolds
  3 kobold zombies (Ossuary)
  8 rats
619 creatures vanquished.

Vanquished Creatures (others)
  A hydra (Lair:5)
  A faun (Shoals:1)
  An orc sorcerer (Orc:2)
  A torpor snail (Lair:5)
  A cane toad (Lair:5)
  A troll (Orc:2)
  A polar bear (Lair:3)
  2 snapping turtles
  An orc warrior (Orc:2)
  2 ogres
  A killer bee (D:9)
  A hell rat (Lair:4)
  A gnoll (D:8)
  2 orcs (Orc:1)
  30 fungi
  51 plants
98 creatures vanquished.

Grand Total: 717 creatures vanquished

Notes
Turn   | Place    | Note
-------+----------+-------------------------------------------
     0 | D:1      | qeuew the Minotaur Fighter began the quest for the Orb.
     0 | D:1      | Reached XP level 1. HP: 19/19 MP: 0/0
   259 | D:1      | Reached XP level 2. HP: 27/27 MP: 1/1
   310 | D:1      | Reached skill level 4 in Armour
   589 | D:1      | Reached skill level 1 in Dodging
   759 | D:1      | Reached XP level 3. HP: 33/33 MP: 2/2
   960 | D:2      | Found an iron altar of Okawaru.
  1302 | D:2      | Noticed Terence
  1311 | D:2      | Killed Terence
  1312 | D:2      | Reached XP level 4. HP: 39/40 MP: 3/3
  1463 | D:3      | Noticed a water moccasin
  1464 | D:3      | Noticed Sigmund
  1477 | D:2      | Killed a water moccasin
  1478 | D:2      | Reached skill level 5 in Armour
  1478 | D:2      | Reached XP level 5. HP: 7/47 MP: 4/4
  1647 | D:3      | Killed Sigmund
  1648 | D:3      | Reached XP level 6. HP: 41/53 MP: 5/5
  1653 | D:3      | Identified the +6 trident of Peja {speed, Int+2}
  1659 | D:3      | Reached skill level 6 in Armour
  1914 | D:3      | Noticed Ijyb
  1928 | D:3      | Killed Ijyb
  1929 | D:3      | Reached skill level 5 in Shields
  2207 | D:3      | Gained mutation: You are frail. (-10% HP) [potion of
                  | mutation]
  2207 | D:3      | Gained mutation: Your spells are a little harder to cast,
                  | but a little more powerful. [potion of mutation]
  2317 | D:4      | Identified the +1 plate armour "Bouhoa" {rC- rCorr Dex+8
                  | Stlth+}
  2528 | D:4      | Found a staircase to the Ecumenical Temple.
  2616 | Temple   | Entered the Ecumenical Temple
  2670 | Temple   | Became a worshipper of Ru the Awakened
  2825 | D:5      | Entered Level 5 of the Dungeon
  2836 | D:5      | Reached skill level 5 in Fighting
  2836 | D:5      | Reached XP level 7. HP: 45/54 MP: 6/6
  2844 | D:5      | Reached skill level 1 in Evocations
  3076 | D:5      | Found a sparkling altar of Nemelex Xobeh.
  3108 | D:5      | Found a burning altar of Makhleb.
  3120 | D:5      | Found a shadowy altar of Dithmenos.
  3337 | D:5      | Reached skill level 7 in Armour
  3593 | D:6      | Reached XP level 8. HP: 45/62 MP: 7/7
  3604 | D:6      | Reached skill level 5 in Axes
  3693 | D:6      | Gained mutation: You cannot be stealthy. [Ru sacrifice]
  3791 | D:6      | Lost mutation: Your spells are a little harder to cast, but
                  | a little more powerful. [potion of mutation]
  3791 | D:6      | Lost mutation: You are frail. (-10% HP) [potion of
                  | mutation]
  3791 | D:6      | Gained mutation: Your mind is acute. (Int +4, Str/Dex -1)
                  | [potion of mutation]
  3791 | D:6      | Gained mutation: You have large cloven feet. [potion of
                  | mutation]
  3809 | D:6      | Reached skill level 8 in Armour
  4465 | D:6      | Reached XP level 9. HP: 74/78 MP: 8/8
  4477 | D:6      | Found Fewo's Weapon Shop.
  4496 | D:6      | Found a white marble altar of Elyvilon.
  4813 | D:6      | Found Kefiteaf's Jewellery Shoppe.
  4819 | D:6      | Bought an amulet of regeneration for 300 gold pieces
  4874 | D:7      | Reached skill level 5 in Dodging
  4931 | D:7      | Reached skill level 9 in Armour
  5159 | D:7      | Noticed Menkaure
  5170 | D:7      | Killed Menkaure
  5327 | D:7      | Found a hazy altar of Hepliaklqana.
  5424 | D:8      | Noticed Psyche
  5429 | D:8      | Killed Psyche
  5442 | D:8      | Reached skill level 10 in Armour
  5558 | D:8      | Gained mutation: You are hated by all. [Ru sacrifice]
  5558 | D:8      | Reached * piety under Ru
  5558 | D:8      | Reached ** piety under Ru
  5599 | D:8      | Found a sand-covered staircase.
  5613 | Ossuary  | Entered an ossuary
  5933 | Ossuary  | Reached XP level 10. HP: 86/86 MP: 9/9
  6051 | D:8      | Noticed Grum
  6070 | D:8      | Killed Grum
  6169 | D:8      | Noticed a deep elf pyromancer
  6181 | D:8      | Killed a deep elf pyromancer
  6185 | D:8      | HP: 3/88 [burnt (6)]
  6270 | D:8      | Noticed Erica
  6294 | D:8      | Killed Erica
  6295 | D:8      | Reached skill level 11 in Armour
  6763 | D:9      | Found a staircase to the Orcish Mines.
  6846 | D:9      | Found a staircase to the Lair.
  6931 | D:9      | Reached skill level 5 in Evocations
  7266 | D:9      | Reached XP level 11. HP: 86/95 MP: 10/10
  7316 | D:10     | Entered Level 10 of the Dungeon
  7408 | D:10     | Noticed Lodul
  7425 | D:10     | Killed Lodul
  7426 | D:10     | Gained mutation: You cannot study or cast Fire magic. [Ru
                  | sacrifice]
  7426 | D:10     | Gained mutation: You cannot study or cast Transmutations
                  | magic. [Ru sacrifice]
  7426 | D:10     | Gained mutation: You cannot study or cast Conjurations
                  | magic. [Ru sacrifice]
  7426 | D:10     | Reached *** piety under Ru
  7440 | D:10     | Found a hide-covered altar of Uskayaw.
  7440 | D:10     | Noticed a +0 hand axe
  7440 | D:10     | Noticed a +0 dagger
  7488 | D:10     | Noticed a two-headed ogre
  7497 | D:10     | Killed a two-headed ogre
  7498 | D:10     | Reached skill level 12 in Armour
  7530 | D:10     | Found a shimmering blue altar of Sif Muna.
  7843 | D:10     | Paralysed by a hornet for 2 turns
  8171 | Lair:1   | Entered Level 1 of the Lair of Beasts
  8263 | Lair:1   | Noticed Gastronok
  8278 | Lair:1   | Killed Gastronok
  8744 | Lair:2   | Reached skill level 13 in Armour
  8805 | Lair:2   | Reached XP level 12. HP: 79/106 MP: 11/11
  8849 | Lair:2   | Noticed a six-headed hydra
  8853 | Lair:2   | Reached skill level 10 in Shields
  8857 | Lair:2   | Killed a seven-headed hydra
  9305 | Lair:3   | Noticed a six-headed hydra
  9310 | Lair:3   | Noticed a seven-headed hydra
  9319 | Lair:2   | Killed a seven-headed hydra
  9320 | Lair:2   | Reached skill level 10 in Fighting
  9326 | Lair:3   | Killed a seven-headed hydra
  9341 | Lair:3   | Found a staircase to the Shoals.
  9349 | Lair:3   | Found a frozen archway.
  9358 | IceCv    | Entered an ice cave
  9515 | IceCv    | Reached skill level 10 in Axes
  9571 | IceCv    | Reached skill level 14 in Armour
 10086 | IceCv    | Noticed a death yak
 10111 | IceCv    | Killed a death yak
 10207 | IceCv    | Noticed a death yak
 10207 | IceCv    | Noticed a frost giant
 10207 | IceCv    | Noticed a death yak
 10214 | IceCv    | Killed a death yak
 10217 | IceCv    | Killed a death yak
 10233 | IceCv    | Killed a frost giant
 10234 | IceCv    | Reached XP level 13. HP: 55/115 MP: 12/12
 10370 | Lair:3   | Found the +4 consecrated labrys {holy, Valiant Fragile Fly
                  | SInv}
 10386 | Lair:3   | Found a hole to the Spider Nest.
 10550 | Lair:3   | Reached skill level 15 in Armour
 11498 | Lair:4   | Found a staircase to the Slime Pits.
 11736 | Lair:4   | Reached skill level 10 in Dodging
 11917 | Lair:4   | Gained mutation: You are somewhat unskilled. (-1 Apt) [Ru
                  | sacrifice]
 11917 | Lair:4   | Reduced skill Fighting to level 10
 11917 | Lair:4   | Reduced skill Axes to level 10
 11917 | Lair:4   | Reduced skill Armour to level 14
 11917 | Lair:4   | Reduced skill Shields to level 10
 11917 | Lair:4   | Reached **** piety under Ru
 11917 | Lair:4   | Reached ***** piety under Ru
 12262 | Lair:5   | Entered Level 5 of the Lair of Beasts
 12546 | Lair:5   | Paralysed by a hornet for 2 turns
 12641 | Lair:5   | Reached XP level 14. HP: 21/122 MP: 13/13
 12986 | Lair:5   | Identified the +3 rapier of Erufan {freeze, Stlth+}
 13106 | Lair:5   | Noticed Snorg
 13115 | Lair:5   | Reached skill level 15 in Armour
 13130 | Lair:5   | Killed Snorg
 13469 | Lair:5   | Lost mutation: Your mind is acute. (Int +4, Str/Dex -1)
                  | [potion of mutation]
 13469 | Lair:5   | Lost mutation: You have large cloven feet. [potion of
                  | mutation]
 13469 | Lair:5   | Gained mutation: You have a somewhat thin skeletal
                  | structure. (Dex +2, Stealth+) [potion of mutation]
 13469 | Lair:5   | Gained mutation: You passively map a small area around you.
                  | [potion of mutation]
 13469 | Lair:5   | Gained mutation: You are partially covered in iridescent
                  | scales. (AC +2) [potion of mutation]
 13469 | Lair:5   | Gained mutation: You are resistant to electric shocks.
                  | (rElec) [potion of mutation]
 13604 | Orc:1    | Entered Level 1 of the Orcish Mines
 13604 | Orc:1    | Noticed an orc warlord
 13630 | D:9      | Killed an orc warlord
 13859 | Orc:2    | Entered Level 2 of the Orcish Mines
 13862 | Orc:2    | Found a staircase to the Elven Halls.
 13891 | Orc:2    | Noticed an orc warlord
 13899 | Orc:2    | Noticed Sonja
 13907 | Orc:2    | Killed an orc warlord
 14036 | Orc:2    | Gained mutation: You are dopey. (Int -2) [Ru sacrifice]
 14037 | Orc:2    | Killed Sonja
 14052 | Orc:2    | Reached skill level 10 in Dodging
 14063 | Orc:2    | Found Zeullopn's Antique Armour Shop.
 14303 | Orc:2    | Found Tiumytt's General Store.
 14686 | Orc:2    | Found Goevvico's Jewellery Shop.
 14698 | Orc:2    | Bought the necklace of Bloodlust {Fury *Rage Will++ Int-3
                  | Slay+6} for 679 gold pieces
 14698 | Orc:2    | Found the necklace of Bloodlust {Fury *Rage Will++ Int-3
                  | Slay+6}
 14702 | Orc:2    | Found Ympoxt's Antique Weapon Shoppe.
 14766 | Orc:2    | Noticed an orc warlord
 14779 | Orc:2    | Killed an orc warlord
 14805 | Orc:2    | Found Jiunejue's Antique Weapon Emporium.
 15535 | Shoals:1 | Entered Level 1 of the Shoals
 15923 | Shoals:1 | Reached skill level 16 in Armour
 16043 | Shoals:1 | You are sucked into a shaft and drop 1 floor!
 16066 | Shoals:2 | Reached XP level 15. HP: 102/122 MP: 14/14
 16225 | Shoals:2 | Noticed Ilsuiw
 16241 | Shoals:2 | Killed Ilsuiw
 16559 | Shoals:2 | Noticed Polyphemus
 16604 | Shoals:2 | HP: 4/119 [manticore (2)]
 16604 | Shoals:2 | HP: 1/119 [Polyphemus (3)]
 16605 | Shoals:2 | Slain by a merfolk impaler

Illustrated notes

Levels and vault maps discovered:
D:1:      mrwooster_arrival_arrow, layout_loops_corners, serial_glass,
          glass_columns_a, glass_columns_b
D:2:      layout_basic, basic_altar, nicolae_elevator_lobby_asterisk,
          uniq_terence
D:3:      layout_rooms, kennysheep_generic_room_3, uniq_sigmund, uniq_ijyb
D:4:      layout_basic, minmay_temple_entry_enclosed_plants
D:5:      layout_rooms, nemelex_altar_shiori, grunt_dithmenos_smoke,
          mainiacjoe_overflow_paths, roderic_st_hans_cross, dk_noncrumbling_2
D:6:      layout_cave_pools, elyvilon_altar_3, serial_gnoll_camp,
          gnoll_camp_medium_02, gnoll_camp_mini_loothouse, gnoll_camp_huts_moat,
          gnoll_camp_mini_sergeant, gnoll_camp_mini_shop, gnoll_camp_mini_shop,
          roderic_serpentine_path
D:7:      layout_cave_pools, kennysheep_mini, grunt_decor_fettered,
          kennysheep_generic_room_6, uniq_menkaure
D:8:      layout_basic, serial_corexii_hall, corexii_hall_statues_x,
          corexii_hall_statues_u, enter_bailey_2, enter_ossuary_1,
          minmay_manual_monstrance, uniq_psyche, uniq_erica, uniq_grum
D:9:      layout_cross, lair_entry_dummy, david_orc_1_choice
D:10:     layout_basic, dancing_weapons_uskayaw, nicolae_overflow_crystal_walls,
          uniq_lodul
Temple:   nicolae_temple_bog_church
Lair:1:   layout_misc_corridors, uniq_gastronok
Lair:2:   layout_long_grid, grunt_megastairs_3
Lair:3:   layout_cave_pods, shoals_dummy_entry,
          nicolae_spider_entry_non_spiders, portal_ice_cave_entry_pillars_2,
          lemuel_fruit_fields, infiniplex_staircase_pool
Lair:4:   layout_regular_city, slime_entry_1, serial_bayou_pond_e,
          grunt_megastairs_5, infiniplex_staircase_pool_2
Lair:5:   gammafunk_lair_ancient_temple, layout_cave_pods, serial_bayou_pond_d,
          nicolae_quartered_pool_medium, uniq_snorg
Shoals:1: cheibrodos_shoals_oceanic_diplomacy, layout_shoals
Shoals:2: layout_shoals, ebering_ghost_rock_garden, uniq_polyphemus,
          uniq_ilsuiw, uniq_nikola
Orc:1:    layout_caves
Orc:2:    grunt_orc_gardens, layout_diamond_mine, grunt_orc_garden,
          grunt_orc_garden, grunt_orc_garden, grunt_orc_garden, serial_shops,
          nicolae_shop_crystal, uniq_sonja

Skill      XL: |  1  2  3  4  5  6  7  8  9 10 11 12 13 14 15 |
---------------+----------------------------------------------+-----
Armour         | 4 5 6 7 8 10 11 13 14 14 16 | 16.2
Dodging        | 1 2 3 4 6 7 8 9 9 10 | 10.6
Shields        | 4 5 6 7 8 9 11 11 12 | 12.1
Axes           | 3 4 5 7 8 9 10 10 11 | 11.7
Fighting       | 4 5 6 7 8 9 10 10 11 12 | 12.0
Evocations     | 1 2 4 5 6 7 8 |  8.5

Action                     |  1- 3 |  4- 6 |  7- 9 | 10-12 | 13-15 || total
---------------------------+-------+-------+-------+-------+-------++-------
  Melee: War axe           |    81 |    86 |   274 |   558 |   621 ||  1620
         Headbutt          |     7 |    17 |    71 |   151 |   209 ||   455
         Kick              |       |       |    73 |   236 |   186 ||   495
         Labrys            |       |       |       |       |   177 ||   177
  Throw: Throwing net      |       |       |     2 |       |       ||     2
 Invoke: Sacrifice Stealth |       |       |     1 |       |       ||     1
         Sacrifice Love    |       |       |     1 |       |       ||     1
         Sacrifice Arcana  |       |       |       |     1 |       ||     1
         Reject Sacrifices |       |       |       |     1 |     1 ||     2
         Sacrifice Skill   |       |       |       |       |     1 ||     1
         Apocalypse        |       |       |       |       |     5 ||     5
         Sacrifice Purity  |       |       |       |       |     1 ||     1
  Evoke: Wand              |       |       |       |    17 |    29 ||    46
    Use: Potion            |     3 |     4 |     2 |     4 |     2 ||    15
         Scroll            |     2 |     4 |     7 |     6 |     8 ||    27
   Stab: Held in net/web   |       |       |     2 |       |       ||     2
         Invisible         |       |       |       |     7 |     6 ||    13
         Distracted        |       |       |       |       |     4 ||     4
         Petrified         |       |       |       |       |     2 ||     2
         Petrifying        |       |       |       |       |     2 ||     2
         Paralysed         |       |       |       |       |    17 ||    17
 Armour: Scale mail        |    44 |    26 |       |       |       ||    70
         Plate armour      |       |     7 |   129 |   322 |   566 ||  1024
  Dodge: Dodged            |    40 |    38 |   136 |   310 |   637 ||  1161
  Block: Buckler           |    13 |    25 |   123 |   286 |   449 ||   896

Table legend: (Time is in decaauts)
 A = Elapsed time spent in this place.
 B = Non-inter-level travel time spent in this place.
 C = Inter-level travel time spent in this place.
 D = Time resting spent in this place.
 E = Time spent auto-exploring this place.
 F = Levels seen in this place.
 G = Mean time per level.
                   A        B        C        D        E       F      G
               +--------+--------+--------+--------+--------+-----+--------+
         Total |  16925 |  15839 |   1086 |    270 |  11465 |  22 |  769.3 |
       Dungeon |   8090 |   7578 |    512 |    185 |   5549 |  10 |  809.0 |
        Temple |     67 |     50 |     17 |      0 |     36 |   1 |   67.0 |
          Lair |   4718 |   4321 |    397 |      0 |   3392 |   5 |  943.6 |
        Shoals |   1101 |   1101 |      0 |     27 |    740 |   2 |  550.5 |
  Orcish Mines |   1577 |   1419 |    158 |     58 |    896 |   2 |  788.5 |
       Ossuary |    372 |    372 |      0 |      0 |    282 |   1 |  372.0 |
      Ice Cave |    997 |    997 |      0 |      0 |    569 |   1 |  997.0 |
               +--------+--------+--------+--------+--------+-----+--------+

Top non-repeatable levels by time:
     D:6: 1324 daAuts
  Lair:5: 1296 daAuts
  Lair:3: 1074 daAuts
  Lair:4: 1038 daAuts
   IceCv: 997 daAuts
   Orc:2: 949 daAuts
     D:1: 940 daAuts
     D:8: 914 daAuts
     D:9: 893 daAuts
Shoals:1: 858 daAuts
    D:10: 852 daAuts
     D:5: 766 daAuts
  Lair:2: 750 daAuts
     D:2: 693 daAuts
     D:3: 657 daAuts
